 Dungeon Crawl Stone Soup version 0.19-a0-1662-gb81896f (webtiles) character file.

79 Azru the Skirmisher (level 4, -7/49 HPs)
             Began as an Ogre Abyssal Knight on Sept 21, 2016.
             Was a Follower of Lugonu.
             Mangled by a gnoll
             ... wielding a +0 flail
              (12 damage)
             ... on level 2 of the Dungeon.
             The game lasted 00:04:00 (1630 turns).

Azru the Skirmisher (Ogre Abyssal Knight)           Turns: 1630, Time: 00:04:01

Health: -7/49      AC:  3    Str: 17    XL:     4   Next: 37%
Magic:  6/6        EV: 10    Int: 12    God:    Lugonu [*.....]
Gold:   84         SH:  0    Dex:  9    Spells: 0 memorised, 3 levels left

rFire  + . .     SeeInvis .     n - +0 whip (elec)
rCold  . . .     Gourm    .     b - +0 robe
rNeg   . . .     Faith    .     (no shield)
rPois  .         Spirit   .     (helmet restricted)
rElec  .         Dismiss  .     (no cloak)
rCorr  .         Reflect  .     (gloves unavailable)
MR     .....     Harm     .     (boots unavailable)
Stlth  +.........               (no amulet)
                                (no ring)
                                m - ring of protection from fire

@: hasted, very quick
A: unfitting armour, tough skin 1
a: Depart the Abyss, Renounce Religion


You were on level 2 of the Dungeon.
You worshipped Lugonu.
Lugonu was aware of your devotion.
You were not hungry.

You visited 1 branch of the dungeon, and saw 2 of its levels.
You visited the Abyss 1 time.

You collected 84 gold pieces.

Inventory:

Hand Weapons
 a - a +1 mace
 n - a +0 whip of electrocution (weapon)
 q - a +1 dagger of holy wrath
Armour
 b - a +0 robe (worn)
Jewellery
 m - a ring of protection from fire (left hand)
Scrolls
 f - a scroll of noise {unknown}
 h - a scroll of identify {unknown}
 i - a scroll of random uselessness {unknown}
 k - a scroll of fog {unknown}
 l - 5 scrolls of remove curse {unknown}
 o - a scroll of blinking {unknown}
 r - a scroll of teleportation {unknown}
 t - a scroll of amnesia {unknown}
 u - a scroll of fear {unknown}
 x - a scroll of recharging {unknown}
Potions
 e - a potion of agility {unknown}
 g - a potion of haste
 p - 2 potions of heal wounds {unknown}
 s - 2 potions of mutation {unknown}
Comestibles
 c - 3 bread rations
 d - 3 fruits
 j - a meat ration
 v - a slice of pizza


   Skills:
 * Level 4.7 Fighting
 * Level 4.0 Maces & Flails
 + Level 2.7 Dodging
 * Level 2.8 Invocations


You had 3 spell levels left.
You didn't know any spells.

Dungeon Overview and Level Annotations

Branches:
Dungeon (2/15)

Altars:
Nemelex Xobeh


Innate Abilities, Weirdness & Mutations

You are too large for most types of armour.
You have tough skin. (AC +1)


Message History

The gnoll is moderately wounded.
The gnoll misses you.
You closely miss the gnoll.
The gnoll is moderately wounded.
The gnoll closely misses you.
You hit the gnoll but do no damage.
The gnoll is moderately wounded.
The gnoll hits you with a flail!
You closely miss the gnoll.
The gnoll is moderately wounded.
You closely miss the gnoll.
The gnoll is moderately wounded.
The gnoll completely misses you.
You hit the gnoll.
The gnoll is severely wounded.
The gnoll hits you with a flail!
* * * LOW HITPOINT WARNING * * *
It was a potion of haste.
You feel yourself speed up. The gnoll hits you with a flail!
You die...

#.....## ..###..## #.#
.##.##..## #.#
##...##..## #.#
#.._..##..###.#
..^^..^##..##.# .#_
...^...^##.##!# #...#
.#####...#.##.####......
'#.#.#'.##.....†@g......
#..#..###.....####$##...
..###.....##### #
#.......#....#
..........##.#
.######...##.# .#
#...##.# [# #...##.# .#
#...##.#


You could see a gnoll.

Vanquished Creatures
  2 gnolls (D:2)
  An adder (D:2)
  An ooze (D:1)
  4 dart slugs
  2 leopard geckos (D:2)
  3 bats
  4 giant cockroaches
  7 hobgoblins
  A jackal (D:1)
  A quokka (D:2)
  3 frilled lizards
  A goblin (D:1)
  5 kobolds
  A rat (D:1)
36 creatures vanquished.

Notes
Turn   | Place    | Note
-------+----------+-------------------------------------------
     0 | Abyss:1  | Azru the Ogre Abyssal Knight began the quest for the Orb.
     0 | Abyss:1  | Reached XP level 1. HP: 24/24 MP: 2/2
    55 | Abyss:1  | Noticed a quasit
    70 | D:1      | Escaped the Abyss
   142 | D:1      | Reached * piety under Lugonu
   189 | D:1      | Reached XP level 2. HP: 24/32 MP: 3/3
   469 | D:1      | Reached XP level 3. HP: 38/40 MP: 4/4
  1435 | D:2      | Found a sparkling altar of Nemelex Xobeh.
  1602 | D:2      | Reached XP level 4. HP: 39/49 MP: 4/6
  1623 | D:2      | Found a faded altar of an unknown god.
  1630 | D:2      | Mangled by a gnoll

Vault maps used:
D:1:      dpeg_arrival_solitude
D:2:      ecumenical_altar_1, first_bread, nemelex_spade_bored_becter
Abyss:1:  guppyfry_abyss_exit_glass_guarded

Skill      XL: |  1  2  3  4 |
---------------+-------------+-----
Maces & Flails | 3 4 |  4.0
Fighting       | |  4.7
Dodging        | |  2.7
Invocations    | |  2.8

Action                   |  1- 3 |  4- 6 || total
-------------------------+-------+-------++-------
Melee: Mace              |    53 |       ||    53
       Whip              |    59 |    26 ||    85
Invok: Depart the Abyss  |     1 |       ||     1
  Use: Potion            |       |     1 ||     1
  Eat: Chunk             |     2 |       ||     2
Armor: Robe              |    20 |     7 ||    27
Dodge: Dodged            |    52 |    10 ||    62
